cohdb
Replays
Latest Replays
All Replays
Popular Replays
Top Player Replays
Match Explorer
How It Works
Community
CoH3 Stats
Reddit
Sign in to upload your games and track your stats! →
Sign in with Steam
Match 47365585
Unlisted
Match 47365585
Overview
Messages
Build Orders
End
Construct Section Command Post
Vickers Machine Gun Team
Selects Heavy Armor Battlegroup
Dingo Light Scout Car
Infantry Section
Infantry Section
Construct Platoon Command Post
Selects Rigorous Vehicle Training
Selects Forward Repair Assembly
Humber Armored Car
Humber Armored Car
Infantry Section
6-pounder Anti-tank Gun Team
Unlock Bishop Self-propelled Artillery
Light Vehicle Training
CMP 15cwt Truck
Selects Light Vehicle Withdraw and Refit
Bishop Self-propelled Artillery
Infantry Section
Light Vehicle Withdraw and Refit
Infantry Training
6-pounder Anti-tank Gun Team
Grenade Package
AI Takeover
Sherman-C
XIAOXU
100%eighty
风峣
秃鹫k
咸鱼光
【嗜血狼族】灵狐魅儿
코카콜라제로
0
0
Comments
sign in to comment!
No comments posted yet!